 Dungeon Crawl Stone Soup version 0.16-a0-3913-g9d9d7ce (webtiles) character file.

146202 Ololoev the Fencer (level 16, -22/126 HPs)
             Began as a Vampire Gladiator on Feb 3, 2015.
             Was a High Priest of Okawaru.
             Blown up by an orb spider (34 damage)
             ... with an orb of destruction
             ... on level 2 of the Spider Nest on Feb 4, 2015.
             The game lasted 03:13:37 (36669 turns).

Ololoev the Fencer (Vampire Gladiator)             Turns: 36669, Time: 03:13:37

Health: -22/126    AC: 22    Str: 14    XL:     16   Next: 89%
Magic:  31/31      EV: 25    Int: 15    God:    Okawaru [*****.]
Gold:   2529       SH:  0    Dex:  9    Spells: 1 memorised, 12 levels left

rFire  + . .     SeeInvis +     b - +5 blowgun of Ufezuham {evade, rElec rC+ Dex-5}
rCold  + . .     Clarity  .     Q - +1 mottled dragon armour
rNeg   . . .     SustAb   .     (no shield)
rPois  .         Gourm    .     K - +2 helmet "Ylyh" {MR+ Slay+3}
rElec  +         Spirit   .     O - +2 cloak {MR+}
rCorr  .         Warding  .     C - +1 pair of gloves
rMut   .         Stasis   .     k - +2 pair of boots {run}
MR     +++..                    H - amulet of regeneration
Stlth  +.........               v - ring of protection from fire
                                P - +4 ring of evasion

@: lethally poisoned (-22 -> -25), regenerating quickly, quick, extremely
resistant to hostile enchantments, very unstealthy
A: bottle blood, fangs 3, see invisible, unbreathing
a: Heroism, Finesse, Renounce Religion


You were on level 2 of the Spider Nest.
You worshipped Okawaru.
Okawaru was extremely pleased with you.
You were very full.

You visited 6 branches of the dungeon, and saw 32 of its levels.
You also visited: Labyrinth, Ice Cave, Volcano and Wizlab.

You collected 3598 gold pieces.
You spent 1069 gold pieces at shops.

Notes
Turn   | Place    | Note
--------------------------------------------------------------
     0 | D:1      | Ololoev, the Vampire Gladiator, began the quest for the Orb.
     0 | D:1      | Reached XP level 1. HP: 16/16 MP: 1/1
   274 | D:1      | Reached XP level 2. HP: 13/22 MP: 2/2
   613 | D:2      | Reached skill level 4 in Long Blades
   698 | D:2      | Reached XP level 3. HP: 27/27 MP: 3/3
  1075 | D:2      | Reached XP level 4. HP: 7/33 MP: 4/4
  1209 | D:2      | Reached skill level 5 in Long Blades
  1515 | D:2      | Reached XP level 5. HP: 10/38 MP: 5/5
  1786 | D:2      | Reached skill level 6 in Long Blades
  1918 | D:3      | Reached XP level 6. HP: 31/44 MP: 6/6
  2116 | D:3      | Reached skill level 7 in Long Blades
  2377 | D:3      | Noticed Somebody's ghost (weakling NaWz)
  2387 | D:3      | Killed Somebody's ghost
  2715 | D:3      | Noticed Crazy Yiuf
  2724 | D:3      | Killed Crazy Yiuf
  3017 | D:4      | Reached skill level 8 in Long Blades
  3120 | D:4      | Reached XP level 7. HP: 49/49 MP: 7/7
  3243 | D:4      | Found a deep blue altar of Sif Muna.
  3431 | D:4      | Reached skill level 9 in Long Blades
  3501 | D:4      | Found a shattered altar of Ashenzari.
  3727 | D:4      | Found a staircase to the Ecumenical Temple.
  3739 | Temple   | Entered the Ecumenical Temple
  3743 | Temple   | Became a worshipper of Warmaster Okawaru
  3891 | D:5      | Entered Level 5 of the Dungeon
  3957 | D:5      | Noticed Dowan
  3958 | D:5      | Noticed Duvessa
  4138 | D:5      | Killed Dowan
  4334 | D:5      | Reached XP level 8. HP: 55/55 MP: 8/8
  4396 | D:5      | Reached skill level 10 in Long Blades
  4456 | D:5      | Acquired Okawaru's first power
  4688 | D:5      | Killed Duvessa
  5034 | D:6      | Found Heiwnept's General Store.
  5042 | D:6      | Bought a scroll of identify for 22 gold pieces
  5042 | D:6      | Bought a potion of curing for 33 gold pieces
  5101 | D:6      | Noticed Edmund
  5153 | D:6      | Killed Edmund
  5153 | D:6      | Reached skill level 11 in Long Blades
  5253 | D:6      | Noticed Ijyb
  5260 | D:6      | Killed Ijyb
  5918 | D:6      | Found a glowing golden altar of the Shining One.
  6363 | D:7      | Reached XP level 9. HP: 61/61 MP: 9/9
  6375 | D:7      | Reached skill level 12 in Long Blades
  6469 | D:7      | Noticed Prince Ribbit
  6865 | D:7      | Found Skisek's Book Boutique.
  6983 | D:7      | Killed Prince Ribbit
  7225 | D:7      | Found a stormy altar of Qazlal.
  7373 | D:7      | Reached skill level 13 in Long Blades
  7884 | D:8      | Noticed Pikel
  7910 | D:7      | Killed Pikel
  7910 | D:7      | Reached skill level 14 in Long Blades
  7910 | D:7      | Reached XP level 10. HP: 54/67 MP: 10/10
  8000 | D:8      | Noticed Psyche
  8010 | D:8      | Killed Psyche
  8085 | D:8      | Found an opulent altar of Gozag.
  8090 | D:8      | Noticed Joseph
  8109 | D:8      | Killed Joseph
  8109 | D:8      | Reached skill level 1 in Armour
  8268 | D:8      | Found an ancient bone altar of Kikubaaqudgha.
  8309 | D:8      | Found a glowing silver altar of Zin.
  8321 | D:8      | Noticed Eustachio
  8371 | D:8      | Killed Eustachio
  9064 | D:9      | Learned a level 3 spell: Mephitic Cloud
  9106 | D:9      | Found a stormy altar of Qazlal.
  9979 | D:10     | Entered Level 10 of the Dungeon
 10026 | D:10     | Reached skill level 5 in Dodging
 10046 | D:10     | Noticed a hill giant
 10072 | D:10     | Killed a hill giant
 10072 | D:10     | Acquired Okawaru's second power
 10345 | D:10     | Reached XP level 11. HP: 42/76 MP: 11/11
 10349 | D:10     | Found a staircase to the Lair.
 10895 | D:10     | Learned a level 2 spell: Ensorcelled Hibernation
 10899 | D:10     | Learned a level 3 spell: Flight
 11032 | D:11     | Reached skill level 15 in Long Blades
 11106 | D:11     | Noticed Josephine
 11121 | D:11     | Killed Josephine
 11215 | D:11     | Received a gift from Okawaru
 11594 | D:11     | You fall through a shaft for 3 floors!
 11753 | D:14     | Reached skill level 5 in Fighting
 12000 | D:14     | Received a gift from Okawaru
 12015 | D:14     | Noticed a centaur warrior
 12028 | D:14     | Killed a centaur warrior
 12087 | D:14     | Got an ichor-stained leather armour
 12098 | D:14     | Identified the +0 leather armour "Kleoc" {rC+} (You found it on level 14 of the Dungeon)
 12515 | D:15     | Entered Level 15 of the Dungeon
 12523 | D:15     | Noticed a tengu warrior
 12526 | D:15     | Noticed a centaur warrior
 12559 | D:15     | Killed a tengu warrior
 12559 | D:15     | Received a gift from Okawaru
 12559 | D:15     | Reached skill level 5 in Armour
 12566 | D:15     | Identified a +1 pair of boots of running (Okawaru gifted it to you on level 15 of the Dungeon)
 12601 | D:15     | Found a staircase to the Depths.
 12602 | D:15     | Noticed a deep troll
 12605 | D:15     | Noticed a deep elf knight
 12605 | D:15     | Noticed a tengu warrior
 12631 | D:14     | Killed a deep troll
 12718 | D:14     | Killed a tengu warrior
 12718 | D:14     | Reached XP level 12. HP: 56/87 MP: 12/12
 12841 | D:13     | Noticed a centaur warrior
 12851 | D:13     | Killed a centaur warrior
 12851 | D:13     | Reached skill level 16 in Long Blades
 13245 | D:13     | Noticed a centaur warrior
 13265 | D:13     | Killed a centaur warrior
 13727 | D:13     | Reached skill level 1 in Evocations
 13748 | D:13     | Noticed a vault guard
 13748 | D:13     | Noticed a vault guard
 13805 | D:12     | Noticed a centaur warrior
 13818 | D:12     | Killed a centaur warrior
 13890 | D:12     | Noticed a seven-headed hydra
 13928 | D:12     | Killed a 15-headed hydra
 13928 | D:12     | Received a gift from Okawaru
 13952 | D:12     | Noticed a seven-headed hydra
 14254 | D:12     | Noticed Gastronok
 14268 | D:12     | Killed Gastronok
 14433 | D:12     | Noticed Harold
 14447 | D:12     | Killed Harold
 14691 | D:12     | Found a staircase to the Orcish Mines.
 14910 | Orc:1    | Entered Level 1 of the Orcish Mines
 15005 | Orc:1    | Found a roughly hewn altar of Beogh.
 15009 | Orc:1    | Reached XP level 13. HP: 96/96 MP: 19/19
 15198 | Orc:1    | Found Xyimahau's Antique Armour Emporium.
 15206 | Orc:1    | Bought an encrusted chain mail for 266 gold pieces
 15238 | Orc:1    | Identified the +6 chain mail of the Moon {-Tele Regen+ rCorr Int+5} (You bought it in a shop on level 1 of the Orcish Mines)
 15724 | Orc:2    | Found a frozen archway.
 15813 | IceCv    | Entered an ice cave
 15826 | IceCv    | Reached skill level 17 in Long Blades
 16064 | IceCv    | Received a gift from Okawaru
 16858 | IceCv    | Noticed a frost giant
 16904 | IceCv    | Killed a frost giant
 17607 | Orc:3    | Reached skill level 5 in Evocations
 17609 | Orc:3    | Found an iron altar of Okawaru.
 18009 | Orc:3    | Noticed Nessos
 18050 | Orc:3    | Found a staircase to the Elven Halls.
 18550 | D:11     | Reached skill level 10 in Dodging
 18898 | Lair:1   | Entered Level 1 of the Lair of Beasts
 20851 | Lair:3   | Found a labyrinth entrance.
 20871 | Lab      | Entered a labyrinth
 21119 | Lab      | Found an exit through the horrors of the Abyss.
 22228 | Lab      | Reached XP level 14. HP: 31/106 MP: 23/23
 22271 | Lab      | Got a smoking blowgun
 22272 | Lab      | Identified the +5 blowgun of Ufezuham {evade, rElec rC+ Dex-5} (You found it in a labyrinth)
 22762 | Lair:3   | Received a gift from Okawaru
 24161 | Lair:5   | Found a dark tunnel.
 24190 | Volcano  | Entered a volcano
 24325 | Volcano  | Found a radiant altar of Vehumet.
 24325 | Volcano  | Noticed Urug
 24346 | Volcano  | Killed Urug
 25186 | Lair:6   | Found a staircase to the Slime Pits.
 25186 | Lair:6   | Found a viscous altar of Jiyva.
 25358 | Lair:6   | Reached skill level 18 in Long Blades
 25756 | Lair:6   | Found a stormy altar of Qazlal.
 25989 | Lair:6   | Found a hole to the Spider Nest.
 26057 | Lair:6   | Found a staircase to the Shoals.
 26320 | Lair:7   | Received a gift from Okawaru
 26328 | Lair:7   | Got a spiked ring mail {god gift}
 26353 | Lair:7   | Identified the +3 ring mail of Midsummer {rF- MR+ MP+9 Str+2 Int+4} (Okawaru gifted it to you on level 7 of the Lair of Beasts)
 26655 | Lair:7   | Upgraded the game from 0.16-a0-3909-g31f9ca0 to 0.16-a0-3913-g9d9d7ce
 26923 | Lair:8   | Entered Level 8 of the Lair of Beasts
 27277 | Lair:8   | Got a transparent plate armour
 27316 | Lair:8   | Identified the -1 plate armour of the Moon {+Blink rF+ MR- Str-3 Int+5} (You found it on level 8 of the Lair of Beasts)
 27520 | Lair:8   | Reached XP level 15. HP: 88/113 MP: 26/26
 28446 | Lair:8   | Got a polished long sword
 28533 | Lair:8   | Identified a +4 rod of ignition (9/9) (You found it on level 8 of the Lair of Beasts)
 28578 | Lair:8   | Received a gift from Okawaru
 29322 | Orc:3    | Killed Nessos
 29441 | Orc:4    | Entered Level 4 of the Orcish Mines
 29441 | Orc:4    | Noticed Sonja
 29444 | Orc:4    | Killed Sonja
 29785 | Orc:4    | Found a roughly hewn altar of Beogh.
 30002 | Orc:4    | Found Yziwisua's Food Emporium.
 30016 | Orc:4    | Found Wiag's Jewellery Shoppe.
 30580 | Orc:4    | Noticed Erica
 30598 | Orc:4    | Killed Erica
 30598 | Orc:4    | Reached skill level 10 in Evocations
 30665 | Orc:4    | Reached skill level 10 in Fighting
 30867 | Orc:4    | Noticed Saint Roka
 31040 | Orc:4    | Killed Saint Roka
 31040 | Orc:4    | Received a gift from Okawaru
 31082 | Orc:4    | Found a roughly hewn altar of Beogh.
 31133 | Orc:4    | Found Fomiylo's Armour Shoppe.
 31176 | Orc:4    | Bought the +2 helmet "Ylyh" {MR+ Slay+3} for 595 gold pieces
 31366 | Orc:4    | Found Wuodeucucs' Weapon Emporium.
 31773 | Elf:1    | Entered Level 1 of the Elven Halls
 31810 | Elf:1    | Got a fine great sword
 31811 | Elf:1    | Identified the cursed +2 great sword "Vampire's Bane" {flame, +Fly rN+} (You found it on level 1 of the Elven Halls)
 31890 | Elf:1    | Found a magical portal.
 31902 | WizLab   | Entered Doroklohe's Tomb
 32351 | WizLab   | Noticed an ancient lich
 32584 | Elf:1    | Noticed Azrael
 32590 | Elf:1    | Killed Azrael
 32635 | Elf:1    | Reached XP level 16. HP: 123/123 MP: 29/29
 32856 | Elf:1    | Received a gift from Okawaru
 32895 | Elf:1    | Gained mutation: You are weak. (Str -2) [potion of mutation]
 32895 | Elf:1    | Gained mutation: Potions and wands are less effective at restoring your health. [potion of mutation]
 32895 | Elf:1    | Gained mutation: You have an increased reservoir of magic (+10% MP). [potion of mutation]
 32896 | Elf:1    | Gained mutation: You are frail (-10% HP). [potion of mutation]
 32896 | Elf:1    | Gained mutation: You have large cloven feet. [potion of mutation]
 32896 | Elf:1    | Lost mutation: You are weak. (Str -2) [potion of mutation]
 33297 | Elf:2    | Found Lotabinni's Antique Armour Shoppe.
 33318 | Elf:2    | Bought a pair of embroidered boots for 153 gold pieces
 33633 | Elf:2    | Found a burning altar of Makhleb.
 33717 | Elf:2    | Found a runed gate.
 33718 | Elf:2    | Found a runed gate.
 33718 | Elf:2    | Found a runed gate.
 34319 | Elf:2    | Reached skill level 10 in Armour
 34454 | Elf:2    | Noticed a deep elf blademaster
 34929 | Spider:1 | Entered Level 1 of the Spider Nest
 35287 | Spider:1 | Noticed Snorg
 35296 | Spider:1 | Killed Snorg
 35748 | Spider:1 | Lost mutation: You are frail (-10% HP). [potion of cure mutation]
 35748 | Spider:1 | Lost mutation: You have large cloven feet. [potion of cure mutation]
 35748 | Spider:1 | Lost mutation: Potions and wands are less effective at restoring your health. [potion of cure mutation]
 35748 | Spider:1 | Lost mutation: You have an increased reservoir of magic (+10% MP). [potion of cure mutation]
 35883 | Spider:1 | Noticed Donald
 35897 | Spider:1 | Killed Donald
 36400 | Spider:1 | Received a gift from Okawaru
 36642 | Spider:2 | Received a gift from Okawaru
 36669 | Spider:2 | Blown up by an orb spider

Inventory:

Hand weapons
 a - the +2 great sword "Vampire's Bane" {flame, +Fly rN+}
   (You found it on level 1 of the Elven Halls)

   It has been specially enchanted to burn those struck by it, causing extra
   injury to most foes and up to half again as much damage against particularly
   susceptible opponents.
   Big, fiery blades are also staple armaments of hydra-hunters.
   It protects you from negative energy.
   It lets you fly.
 b - the +5 blowgun of Ufezuham (weapon) {evade, rElec rC+ Dex-5}
   (You found it in a labyrinth)

   It affects your evasion (+5 to EV).
   It affects your dexterity (-5).
   It protects you from cold.
   It insulates you from electricity.
 I - a +2 triple sword of draining
Missiles
 w - 33 poisoned needles (quivered)
 z - 3 throwing nets
 D - 3 curare-tipped needles
Armour
 k - a +2 pair of boots of running (worn)
 C - a +1 pair of gloves (worn)
 K - the +2 helmet "Ylyh" (worn) {MR+ Slay+3}
   (You bought it in a shop on level 4 of the Orcish Mines)

   It affects your accuracy and damage with ranged weapons and melee attacks
   (+3).
   It affects your resistance to hostile enchantments.
 O - a +2 cloak of magic resistance (worn)
 Q - a +1 mottled dragon armour (worn)
Rods
 e - a +2 iron rod (13/13)
   (You found it on level 1 of the Lair of Beasts)
 L - a +4 rod of ignition (9/9)
   (You found it on level 8 of the Lair of Beasts)
Jewellery
 l - an uncursed ring of flight
 v - a ring of protection from fire (right hand)
 H - an amulet of regeneration (around neck)
 P - a +4 ring of evasion (left hand)
Magical devices
 q - a wand of cold (11)
 r - a wand of digging (4)
 t - a wand of paralysis (1)
 u - a wand of draining (0)
 x - a wand of teleportation (4)
 T - a wand of cold (1)
Scrolls
 f - 2 scrolls of recharging
 h - 11 scrolls of remove curse
 s - 2 scrolls of fog
 y - 4 scrolls of teleportation
 B - a scroll of blinking
 F - 2 scrolls of magic mapping
 J - 2 scrolls of summoning
 N - 3 scrolls of fear
 U - 2 scrolls of immolation
Potions
 c - a potion of cure mutation
 d - 4 potions of invisibility
 g - a potion of beneficial mutation
 i - 6 potions of blood
 j - 3 potions of resistance
 m - 3 potions of might
 n - 6 potions of restore abilities
 o - 5 potions of curing
 p - a potion of heal wounds
 A - 2 potions of flight
 G - 3 potions of agility
 R - a potion of haste

Table legend:
 A = Turns spent in this place as a percentage of turns spent in the entire game.
 B = Non-inter-level travel turns spent in this place as a percentage of non-inter-level travel turns spent in the entire game.
 C = Inter-level travel turns spent in this place as a percentage of turns spent in this place.
 D = Turns resting spent in this place as a percentage of non-inter-level travel turns spent in this place.
 E = Turns spent auto-exploring this place as a percentage of non-inter-level travel turns spent in this place.
 F = Non-inter-level travel turns spent in this place divided by the number of levels of this place that you've seen.
                   A       B       C       D       E      F
               +-------+-------+-------+-------+-------+----------------------
         Total | 100.0 | 100.0 |   0.3 |   2.2 |   6.2 | 465.7
       Dungeon |  36.4 |  36.3 |   0.4 |   2.2 |   8.2 | 406.0
        Temple |   0.1 |   0.1 |   0.0 |   0.0 |   0.0 |   9.0
          Lair |  21.3 |  21.3 |   0.4 |   1.2 |   6.2 | 445.4
   Spider Nest |   4.5 |   4.6 |   0.1 |   1.3 |   5.9 | 382.0
  Orcish Mines |  17.5 |  17.5 |   0.4 |   1.2 |   6.8 | 734.2
   Elven Halls |   6.3 |   6.3 |   0.2 |   7.5 |   5.9 | 529.0
     Labyrinth |   7.3 |   7.4 |   0.0 |   0.9 |   0.0 | 1234.0
      Ice Cave |   3.1 |   3.1 |   0.0 |   6.1 |   2.7 | 527.0
       Volcano |   1.2 |   1.3 |   0.0 |   2.9 |   0.5 | 210.0
        Wizlab |   2.2 |   2.2 |   0.0 |   4.3 |   0.0 | 373.0
               +-------+-------+-------+-------+-------+----------------------


   Skills:
 + Level 11.5 Fighting
 - Level 18.1 Long Blades
 - Level 1.5 Throwing
 + Level 10.3 Armour
 + Level 13.6 Dodging
 * Level 12.8 Evocations


You had 12 spell levels left.
You knew the following spells:

 Your Spells              Type           Power        Failure   Level  Hunger
c - Flight                Chrm/Air       #.........   90%         3    ####...


Dungeon Overview and Level Annotations

Branches:
Dungeon (15/15)            Temple (1/1) D:4            Lair (8/8) D:10
 Shoals (0/5) Lair:6       Spider (2/5) Lair:6        Slime (0/6) Lair:6
    Orc (4/4) D:12            Elf (2/3) Orc:3        Depths (0/5) D:15
 Vaults: D:13-14

Altars:
Ashenzari
Cheibriados
Dithmenos
Elyvilon
Gozag
Kikubaaqudgha
Makhleb
Okawaru
Qazlal
Sif Muna
Trog
Zin
The Shining One
Beogh
Jiyva

Shops:
D:6 *   D:7 :   Orc:1 [   Orc:4 %=([   Elf:2 [

Annotations:
Lair:7 exclusion: 3 oklob plants


Innate Abilities, Weirdness & Mutations

Your natural rate of healing is unusually fast.
You can bottle blood from corpses.
You have razor-sharp teeth.
You have supernaturally acute eyesight.
You can survive without breathing.


Message History

Aim: an orb spider You shoot a poisoned needle.
The poisoned needle barely misses the orb spider.
The wolf spider hits you! The wolf spider closely misses you.
The orb spider pulsates with a strange energy.
Firing (i - inventory. (,) - cycle):
w - 37 poisoned needles (quivered)
Press: ? - help, Shift-Dir - straight line, f/p - orb spider
Aim: an orb spider You shoot a poisoned needle.
The poisoned needle hits the orb spider!
The orb spider is poisoned.
The wolf spider barely misses you. The wolf spider misses you. x2
The wolf spider barely misses you.
Firing (i - inventory. (,) - cycle):
w - 36 poisoned needles (quivered)
Press: ? - help, Shift-Dir - straight line, f/p - orb spider
Aim: an orb spider (lightly wounded, poisoned)
You shoot a poisoned needle.
The poisoned needle closely misses the orb spider.
The wolf spider completely misses you. The wolf spider misses you.
Firing (i - inventory. (,) - cycle):
w - 35 poisoned needles (quivered)
Press: ? - help, Shift-Dir - straight line, f/p - orb spider
Aim: an orb spider (lightly wounded, poisoned)
You shoot a poisoned needle.
The poisoned needle closely misses the orb spider.
The wolf spider misses you. x2
The orb spider weaves a glowing orb of energy.
The wolf spider hits you! The wolf spider misses you.
Firing (i - inventory. (,) - cycle):
w - 34 poisoned needles (quivered)
Press: ? - help, Shift-Dir - straight line, f/p - orb spider
Aim: an orb spider (lightly wounded, poisoned)
You shoot a poisoned needle.
The poisoned needle hits the orb spider!
The orb spider looks even sicker.
The orb spider is lightly wounded.
The wolf spider closely misses you. The wolf spider bites you.
You are poisoned.
The wolf spider poisons you!
You feel sick. The wolf spider hits you! The wolf spider barely misses you.
The orb of destruction hits you!
You die...

.>.....^.^..........).
.....................
#..........^#.......
.................#.
............".....
...............#..
....s..............
(...(§§§........#..
....(!.s@.).$......
.(.......††........
............."...
.....#...........
.................
.^.............
.............
........... .........


You could see a wolf spider and an orb spider.

Table legend:
 A = Kills in this place as a percentage of kills in entire the game.
 B = Kills by you in this place as a percentage of kills by you in the entire game.
 C = Kills by friends in this place as a percentage of kills by friends in the entire game.
 D = Other kills in this place as a percentage of other kills in the entire game.
 E = Experience gained in this place as a percentage of experience gained in the entire game.
 F = Experience gained in this place divided by the number of levels of this place that you have seen.
                   A       B       C       D       E      F
               +-------+-------+-------+-------+-------+----------------------
         Total | 100.0 | 100.0 | 100.0 | 100.0 | 100.0 | 5801.7
       Dungeon |  36.0 |  36.2 |   0.0 |   0.0 |  18.5 | 2576.5
          Lair |  19.4 |  19.3 |  66.7 |   0.0 |  26.0 | 6777.5
   Spider Nest |   4.8 |   4.8 |   0.0 |   0.0 |  11.2 | 11732.0
  Orcish Mines |  30.2 |  30.3 |   0.0 |  25.0 |  17.9 | 9326.0
   Elven Halls |   4.9 |   4.8 |  33.3 |  25.0 |  17.2 | 17911.5
     Labyrinth |   0.8 |   0.8 |   0.0 |   0.0 |   1.5 | 3053.0
      Ice Cave |   2.5 |   2.3 |   0.0 |  50.0 |   5.0 | 10506.0
       Volcano |   0.8 |   0.8 |   0.0 |   0.0 |   0.9 | 1953.0
        Wizlab |   0.6 |   0.6 |   0.0 |   0.0 |   1.9 | 3890.0
               +-------+-------+-------+-------+-------+----------------------

Vanquished Creatures
  Saint Roka (Orc:4)
  A frost giant (IceCv)
  Donald (Spider:1)
  Gastronok (D:12)
  A deep elf sorcerer (Elf:1)
  4 dire elephants (Lair:8)
  Azrael (Elf:1)
  Snorg (Spider:1)
  A fire dragon (Lair:8)
  A deep elf high priest (Elf:1)
  Josephine (D:11)
  A minotaur (Lab)
  5 hydras
  Harold (D:12)
  4 centaur warriors
  Nessos (Orc:3)
  An anaconda (Lair:8)
  Erica (Orc:4)
  8 dancing weapons (Elf:2)
  2 tengu warriors
  7 orc high priests
  Urug (Volcano)
  7 deep elf knights
  A deep troll (D:14)
  A tengu zombie (WizLab)
  A hill giant (D:10)
  7 deep elf summoners
  An ice statue (IceCv)
  8 orc knights
  Pikel (D:7)
  5 orb spiders (Spider:1)
  A griffon (Lair:6)
  An ugly thing (Orc:1)
  A hornet (Spider:1)
  2 fire giant zombies (WizLab)
  8 deep elf conjurers
  6 orc sorcerers (Orc:4)
  9 wolf spiders
  2 manticores
  A cyclops (Orc:4)
  A small abomination (Elf:1)
  2 black mambas
  32 elephants
  An orc zombie (WizLab)
  Joseph (D:8)
  4 centaur zombies
  6 spiny frogs
  Psyche (D:8)
  3 gargoyles
  2 fire drakes
  7 demonic crawlers
  A kobold demonologist (D:13)
  A guardian mummy (WizLab)
  A komodo dragon (shapeshifter) (D:9)
  5 komodo dragons
  10 trolls
  8 deep elf priests
  5 wandering mushrooms (Lab)
  A minotaur zombie (WizLab)
  Sonja (Orc:4)
  17 polar bears (IceCv)
  13 jumping spiders
  A boulder beetle (shapeshifter) (D:9)
  Prince Ribbit (D:7)
  A minotaur skeleton (Lab)
  2 spriggan zombies (WizLab)
  5 two-headed ogres
  10 blink frogs
  4 trapdoor spiders
  2 shadows
  6 basilisks
  2 fire bats (Volcano)
  15 deep elf fighters
  11 deep elf magi
  47 yaks
  3 hungry ghosts
  Eustachio (D:8)
  8 redbacks
  A human (D:7)
  12 tarantellas
  A fire elemental (Elf:1)
  15 wolves
  A soldier ant (D:14)
  3 wargs
  7 swamp worms (Lair:1)
  A chaos spawn (Orc:4)
  Edmund (D:6)
  15 hippogriffs
  An infernal demonspawn zombie (WizLab)
  10 water moccasins
  6 porcupines
  2 mottled dragons
  2 hell hounds (Elf:1)
  A swamp drake (D:12)
  10 ice beasts
  2 sky beasts
  9 spiders
  A trapdoor spider simulacrum (D:14)
  A slave (D:8)
  A necrophage (D:5)
  3 phantoms
  76 orc warriors
  16 centaurs
  2 eyes of draining
  17 ogres
  Duvessa (D:5)
  A boring beetle (shapeshifter) (Elf:1)
  11 crocodiles
  4 big kobolds
  9 giant frogs
  2 gnoll sergeants
  2 wyvern skeletons
  8 scorpions
  2 jellies
  7 killer bees
  13 wights
  An electric eel (Lair:8)
  2 giant frog zombies
  6 lava snakes
  Dowan (D:5)
  3 crimson imps
  A goliath beetle (D:7)
  A gnoll shaman (D:4)
  Crazy Yiuf (D:3)
  42 orc priests
  5 centaur skeletons
  2 hell rats (Elf:1)
  5 hounds
  2 giant frog skeletons
  13 iguanas
  40 orc wizards
  8 worker ants
  10 sheep
  Ijyb (D:6)
  The ghost of Somebody the Sneak, a weakling NaWz (D:3)
  3 ogre skeletons (Lab)
  A hound skeleton (D:11)
  A mummy (D:10)
  75 river rats
  13 gnolls
  33 adders
  A giant mite (D:9)
  7 shadow imps
  14 worms
  A worker ant simulacrum (D:11)
  2 adder zombies
  An adder skeleton (D:4)
  6 giant geckos
  2 oozes
  372 orcs
  A bat skeleton (D:8)
  A bat zombie (D:5)
  7 giant cockroaches
  20 goblins
  21 hobgoblins
  14 jackals
  35 kobolds
  3 ball pythons
  18 bats
  A giant cockroach zombie (D:6)
  A giant gecko skeleton (D:5)
  3 giant newts
  A giant spore (D:14)
  2 orc skeletons (D:11)
  10 quokkas
  2 quokka zombies
  15 rats
  A ballistomycete (D:14)
  A crawling corpse (Elf:1)
  2 fungi (D:3)
  4 plants (Lair:8)
1468 creatures vanquished.

Vanquished Creatures (collateral kills)
  A hydra (Lair:3)
  A dancing weapon (Elf:2)
  A porcupine (Lair:3)
3 creatures vanquished.

Vanquished Creatures (others)
  A deep elf conjurer (Elf:2)
  A deep elf priest (Elf:1)
  2 deep elf magi
  A redback (Elf:1)
  2 slaves (D:8)
  A centaur skeleton (D:8)
  An orc priest (Orc:3)
  An orc (D:8)
  A hobgoblin (D:11)
  A kobold (D:8)
  2 plants (Lair:1)
14 creatures vanquished.

Grand Total: 1485 creatures vanquished

Action                   |  1- 3 |  4- 6 |  7- 9 | 10-12 | 13-15 | 16-18 || total
-------------------------+-------+-------+-------+-------+-------+-------++-------
Melee: Long sword        |   104 |   266 |   311 |       |       |       ||   681
       Great sword       |       |       |   323 |  1082 |  2737 |   487 ||  4629
       Scimitar          |       |       |       |       |     3 |       ||     3
 Fire: Blowgun           |       |       |    39 |    41 |    66 |    19 ||   165
Throw: Throwing net      |       |       |     3 |     4 |       |     1 ||     8
Invok: Heroism           |       |       |     3 |     9 |    17 |     4 ||    33
       Finesse           |       |       |       |     1 |     7 |     1 ||     9
Evoke: Wand              |       |     7 |     5 |     3 |    41 |       ||    56
       Rod               |       |       |       |       |    36 |    19 ||    55
       Phantom mirror    |       |       |       |       |     1 |       ||     1
  Use: Potion            |    11 |    11 |    26 |    51 |   142 |    34 ||   275
       Scroll            |       |       |     6 |    24 |    31 |    19 ||    80
 Stab: Distracted        |       |       |       |     1 |       |       ||     1
       Held in net/web   |       |       |       |     4 |       |       ||     4
       Confused          |       |       |       |       |     7 |       ||     7
       Fleeing           |       |       |       |       |     1 |       ||     1
       Paralysed         |       |       |       |       |     7 |       ||     7
       Sleeping          |       |       |       |       |     2 |       ||     2

Vault maps used:
D:1:      minmay_arrival_loop
D:3:      uniq_crazy_yiuf_cottage
D:4:      old_standard_altar, nicolae_overflow_hidden_temple, temple_green
D:5:      first_bread, uniq_duvessa
D:6:      nicolae_tso_swordbearing_angel, serial_shops, shop,
          kennysheep_windowed_goal, uniq_edmund, uniq_iyjb
D:7:      lemuel_doored_altar, serial_shops, shop, serial_park_tiny_pond,
          grunt_livestock, uniq_prince_ribbit1
D:8:      kennysheep_little_box, overflow_temple_1_default,
          nicolae_gozag_seed_capital, uniq_joseph, uniq_psyche, uniq_eustachio,
          uniq_pikel
D:9:      hangedman_decor_opposing, nicolae_qazlal_general_emergency
D:10:     lair_0_dummy, special_room
D:11:     uniq_josephine
D:12:     erik_orc_1, uniq_harold, uniq_gastronok
D:13:     erik_vaults_2, uniq_fannar
D:15:     hangedman_depths_entry_civil_slaughter, serial_shops,
          nicolae_shop_waterfront, minivault_23, uniq_kirke
Temple:   nicolae_temple_x_marks_the_god
Lair:1:   worms_lemuel
Lair:3:   lab_entry_generic
Lair:5:   enter_volcano_1
Lair:6:   elwin_shoals_entry_rooms, spider_nest_entry_rubble, slime_altar_1,
          basic_altar
Lair:7:   disabler_island
Lair:8:   due_jungle_book, bobbens_dragon_lair_wall
Spider:1: uniq_donald, uniq_snorg
Orc:1:    special_room, serial_shops, shop
Orc:2:    portal_ice_cave_entry_ice_beasts
Orc:3:    basic_altar, nicolae_orc_pool_cavern, uniq_nessos
Orc:4:    pubby_orc_utopia, uniq_sonja, uniq_erica
Elf:1:    infiniplex_enter_wizlab_spiral, kennysheep_underground_church,
          uniq_azrael
Elf:2:    basic_altar, serial_shops, shop
Lab:      nicolae_lab_lava, nicolae_lab_diamond, labyrinth_fake_exit, lab_block,
          lab_hedge
IceCv:    ice_cave_small_giant
Volcano:  volcano_grotto
WizLab:   wizlab_doroklohe
